 Dungeon Crawl Stone Soup version 0.26-a0-658-gbdda728c12 (webtiles) character file.

Game seed: 16857001127137710983

303 Borbozo the Vexing (level 6, 0/47 HPs)
             Began as a Gnoll Arcane Marksman on Oct 5, 2020.
             Slain by a hornet zombie (11 damage)
             ... on level 3 of the Dungeon.
             The game lasted 00:31:56 (3525 turns).

Borbozo the Vexing (Gnoll Arcane Marksman)          Turns: 3525, Time: 00:31:56

Health: 0/47       AC:  3    Str: 13    XL:     6   Next: 38%
Magic:  9/11       EV: 15    Int: 16    God:
Gold:   109        SH:  0    Dex: 16    Spells: 10/11 levels left

rFire    . . .     SeeInvis .   f - +2 hunting sling (freeze)
rCold    . . .     Faith    +   (no shield)
rNeg     . . .     Spirit   .   p - +0 leather armour
rPois    .         Reflect  .   (no helmet)
rElec    .         Harm     .   (no cloak)
rCorr    +         Rampage  .   (no gloves)
MR       .....                  (no boots)
Stlth    ++........             t - amulet of faith
HPRegen  0.15/turn              l - ring of resist corrosion
MPRegen  0.12/turn              (no ring)

@: about to teleport
A: distributed training, fangs 1, strong nose
a: no special abilities


You were on level 3 of the Dungeon.
You visited 1 branch of the dungeon, and saw 3 of its levels.

You collected 109 gold pieces.

Inventory:

Hand Weapons
 a - a +0 hand crossbow
 f - a +2 hunting sling of freezing (weapon)
 x - a +0 spear
 z - a +0 hunting sling
Missiles
 d - 5 bolts
 k - 17 stones (quivered)
 r - 24 sling bullets
 s - 10 poisoned darts
Armour
 c - a +0 robe
 e - a +0 robe
 p - a +0 leather armour (worn)
 v - a +0 pair of gloves
Jewellery
 l - a ring of resist corrosion (left hand)
 t - an amulet of faith (around neck)
Scrolls
 g - a scroll of magic mapping {unknown}
 h - 2 scrolls of fear
 i - a scroll of enchant armour {unknown}
 j - 2 scrolls of teleportation
 n - 3 scrolls of immolation {unknown}
 o - a scroll of blinking {unknown}
 u - a scroll of fog {unknown}
 y - a scroll of remove curse {unknown}
Potions
 b - a potion of curing {unknown}
 m - a potion of berserk rage {unknown}
 q - 2 potions of haste {unknown}
 w - a potion of might {unknown}


   Skills:
 + Level 3.2 Fighting
 + Level 1.9 Short Blades
 + Level 1.9 Long Blades
 + Level 1.9 Axes
 + Level 1.9 Maces & Flails
 + Level 1.9 Polearms
 + Level 1.9 Staves
 + Level 1.9 Slings
 + Level 1.9 Bows
 + Level 5.0 Crossbows
 + Level 1.9 Throwing
 + Level 1.9 Armour
 + Level 5.0 Dodging
 + Level 1.9 Stealth
 + Level 1.9 Shields
 + Level 1.9 Unarmed Combat
 + Level 3.4 Spellcasting
 + Level 1.5 Conjurations
 + Level 5.6 Hexes
 + Level 1.5 Summonings
 + Level 1.5 Necromancy
 + Level 1.5 Translocations
 + Level 1.5 Transmutations
 + Level 1.5 Fire Magic
 + Level 1.5 Ice Magic
 + Level 1.5 Air Magic
 + Level 1.5 Earth Magic
 + Level 1.5 Poison Magic
 + Level 2.1 Invocations
 + Level 1.9 Evocations


You had 10 spell levels left.
You knew the following spells:

 Your Spells              Type           Power        Failure   Level
a - Corona                Hex            ###....      2%          1

Your spell library contained the following spells:

 Spells                   Type           Power        Failure   Level
 Slow                     Hex            ###.....     3%          2
 Inner Flame              Hex/Fire       ##......     16%         3
 Portal Projectile        Hex/Tloc       ##....       16%         3
 Cause Fear               Hex            ###.......   22%         4
 Leda's Liquefaction      Hex/Erth       ##........   45%         4


Dungeon Overview and Level Annotations

Branches:
Dungeon (3/15)

Altars:


Innate Abilities, Weirdness & Mutations

Your experience applies equally to all skills.
You have very sharp teeth.
Your uncanny sense of smell can sniff out nearby items.


Message History

You shoot a stone.
The stone barely misses the hornet zombie.
The hornet zombie misses you.
Firing (i - inventory. (/) - cycle)
k - 18 stones (quivered)
Press: ? - help, Shift-Dir - straight line, f/p - hornet zombie
Aim: a hornet zombie (severely damaged, softly glowing)
You shoot a stone. The stone hits the hornet zombie.
The hornet zombie is severely damaged.
The hornet zombie stops glowing.
The hornet zombie hits you. The hornet zombie closely misses you.
Casting: Corona (safe; 2% risk of failure)
Confirm with . or Enter, or press ? or * to list all spells.
Aiming: Corona (safe; 2% risk of failure)
Press: ? - help, Shift-Dir - straight line, f/p - hornet zombie
Aim: a hornet zombie (severely damaged, chance to defeat MR: 69%)
The hornet zombie barely resists.
The hornet zombie hits you!
* * * LOW HITPOINT WARNING * * *
As you read the scroll of teleportation, it crumbles to dust.
You feel strangely unstable. The hornet zombie hits you!
You die...

.....## ......## ########
.......# #...(..#
.......# ###......#
.......# #........#
.......# #.###....#
.......####.#=#.(..#
............###.Z..#
.........##.....@..######
.........................
.......##................
)......###.........#...#
........##.##...####...#
...........>...........#
............#.#...##...#
........##.....##.## ..#
#.......#.......#..#....


You could see a hornet zombie.

Vanquished Creatures
  A bullfrog (D:3)
  3 orc priests
  A gnoll (D:1)
  4 adders
  2 oozes
  4 worms
  3 dart slugs (D:2)
  2 leopard geckos (D:1)
  7 orcs (D:2)
  2 bats (D:1)
  5 giant cockroaches
  6 goblins
  7 hobgoblins
  4 jackals (D:2)
  7 kobolds
  A quokka (D:3)
  3 ball pythons
  9 frilled lizards
  8 rats
79 creatures vanquished.

Notes
Turn   | Place    | Note
-------+----------+-------------------------------------------
     0 | D:1      | Borbozo the Gnoll Arcane Marksman began the quest for the
                  | Orb.
     0 | D:1      | Reached XP level 1. HP: 17/17 MP: 4/4
   122 | D:1      | Reached XP level 2. HP: 23/23 MP: 5/5
   279 | D:1      | Reached XP level 3. HP: 28/28 MP: 5/7
   523 | D:2      | Reached skill level 1 in Invocations
   759 | D:2      | Reached skill level 1 in Short Blades
   759 | D:2      | Reached skill level 1 in Long Blades
   759 | D:2      | Reached skill level 1 in Axes
   759 | D:2      | Reached skill level 1 in Maces & Flails
   759 | D:2      | Reached skill level 1 in Polearms
   759 | D:2      | Reached skill level 1 in Staves
   759 | D:2      | Reached skill level 1 in Slings
   759 | D:2      | Reached skill level 1 in Bows
   759 | D:2      | Reached skill level 1 in Throwing
   759 | D:2      | Reached skill level 1 in Armour
   759 | D:2      | Reached skill level 1 in Stealth
   759 | D:2      | Reached skill level 1 in Shields
   759 | D:2      | Reached skill level 1 in Unarmed Combat
   759 | D:2      | Reached skill level 1 in Evocations
   920 | D:2      | Reached XP level 4. HP: 34/34 MP: 5/8
  1432 | D:2      | Reached skill level 1 in Conjurations
  1432 | D:2      | Reached skill level 1 in Summonings
  1432 | D:2      | Reached skill level 1 in Necromancy
  1432 | D:2      | Reached skill level 1 in Translocations
  1432 | D:2      | Reached skill level 1 in Transmutations
  1432 | D:2      | Reached skill level 1 in Fire Magic
  1432 | D:2      | Reached skill level 1 in Ice Magic
  1432 | D:2      | Reached skill level 1 in Air Magic
  1432 | D:2      | Reached skill level 1 in Earth Magic
  1432 | D:2      | Reached skill level 1 in Poison Magic
  1959 | D:3      | Reached XP level 5. HP: 40/40 MP: 6/9
  3111 | D:3      | Reached XP level 6. HP: 35/47 MP: 8/10
  3276 | D:3      | Reached skill level 5 in Crossbows
  3276 | D:3      | Reached skill level 5 in Dodging
  3525 | D:3      | Slain by a hornet zombie

Illustrated notes

Levels and vault maps discovered:
D:1:      lightli_iron_boxes, layout_rooms, solitary_fountain
D:2:      lemuel_upstairs_altar, layout_basic
D:3:      layout_rooms, serial_glass, glass_columns_a, glass_columns_a,
          feat_on_display, due_unseen_surprise, item_on_display_a,
          item_on_display_a, small_statue_intersection, kb_xom_exploding_sheep

Skill      XL: |  1  2  3  4  5  6 |
---------------+-------------------+-----
Invocations    | 1 2 |  2.1
Short Blades   | 1 |  1.9
Long Blades    | 1 |  1.9
Axes           | 1 |  1.9
Maces & Flails | 1 |  1.9
Polearms       | 1 |  1.9
Staves         | 1 |  1.9
Slings         | 1 |  1.9
Bows           | 1 |  1.9
Throwing       | 1 |  1.9
Armour         | 1 |  1.9
Stealth        | 1 |  1.9
Shields        | 1 |  1.9
Unarmed Combat | 1 |  1.9
Evocations     | 1 |  1.9
Spellcasting   | 3 |  3.4
Conjurations   | 1 |  1.5
Summonings     | 1 |  1.5
Necromancy     | 1 |  1.5
Translocations | 1 |  1.5
Transmutations | 1 |  1.5
Fire Magic     | 1 |  1.5
Ice Magic      | 1 |  1.5
Air Magic      | 1 |  1.5
Earth Magic    | 1 |  1.5
Poison Magic   | 1 |  1.5
Fighting       | 3 |  3.2
Crossbows      | 5 |  5.0
Dodging        | 5 |  5.0
Hexes          | |  5.6

Action                   |  1- 3 |  4- 6 || total
-------------------------+-------+-------++-------
 Fire: Hand crossbow     |    75 |    12 ||    87
       Hunting sling     |       |   104 ||   104
 Cast: Corona            |    33 |    50 ||    83
  Use: Scroll            |     2 |     4 ||     6
Armor: Robe              |     4 |       ||     4
       Leather armour    |     4 |    16 ||    20
Dodge: Dodged            |    27 |    86 ||   113

Table legend: (Time is in decaauts)
 A = Elapsed time spent in this place.
 B = Non-inter-level travel time spent in this place.
 C = Inter-level travel time spent in this place.
 D = Time resting spent in this place.
 E = Time spent auto-exploring this place.
 F = Levels seen in this place.
 G = Mean time per level.
                   A        B        C        D        E       F      G
               +--------+--------+--------+--------+--------+-----+--------+
         Total |   3570 |   3570 |      0 |   1117 |      0 |   3 | 1190.0 |
       Dungeon |   3570 |   3570 |      0 |   1117 |      0 |   3 | 1190.0 |
               +--------+--------+--------+--------+--------+-----+--------+

Top non-repeatable levels by time:
     D:2: 2541 daAuts
     D:1: 534 daAuts
     D:3: 494 daAuts
